 Dungeon Crawl Stone Soup version 0.29.1-12-g30fa7ad0bf (webtiles) character file.

Game seed: 14407379350385850167

1280 Kyerz the Cleaver (level 8, -7/73 HPs)
             Began as a Minotaur Fighter on Jan 2, 2023.
             Was an Initiate of Okawaru.
             Mangled by an acid dragon (8 damage)
             ... on level 5 of the Dungeon.
             The game lasted 00:23:00 (5119 turns).

Kyerz the Cleaver (Minotaur Fighter)                Turns: 5119, Time: 00:23:01

Health: -7/73      AC:  7    Str: 21    XL:     8   Next: 29%
Magic:  7/7        EV:  6    Int:  5    God:    Okawaru [......]
Gold:   210        SH:  4    Dex: 10    Spells: 7/7 levels left

rFire   . . .      SeeInvis +   a - +0 war axe
rCold   . . .      Faith    .   c - +0 buckler
rNeg    . . .      Spirit   .   h - +0 plate armour
rPois   .          Reflect  .   (helmet restricted)
rElec   .          Harm     .   (no cloak)
rCorr   .          Rampage  .   e - +0 pair of gloves
Will    .....                   r - +0 pair of boots
Stlth   ..........              (no amulet)
HPRegen 0.22/turn               s - ring of see invisible
MPRegen 0.10/turn               (no ring)

@: corroded
A: horns 2, retaliatory headbutt, camouflage 1, weak 1
a: Renounce Religion


You were on level 5 of the Dungeon.
You worshipped Okawaru.
Okawaru was noncommittal.
You visited 2 branches of the dungeon, and saw 6 of its levels.

You collected 210 gold pieces.

Inventory:

Hand Weapons
 a - a +0 war axe (weapon)
Missiles
 t - 2 poisoned darts (quivered)
Armour
 b - a +0 pair of boots
 c - a +0 buckler (worn)
 e - a +0 pair of gloves (worn)
 h - a +0 plate armour (worn)
 r - a +0 pair of boots (worn)
Jewellery
 s - a ring of see invisible (left hand)
 x - a ring of protection from cold
Scrolls
 m - a scroll of enchant weapon {unknown}
 n - a scroll of immolation {unknown}
 o - 2 scrolls of teleportation
 p - a scroll of magic mapping {unknown}
 q - a scroll of noise {unknown}
 u - a scroll of amnesia {unknown}
Potions
 d - a potion of might
 g - a potion of mutation
 i - 2 potions of resistance
 j - a potion of heal wounds {unknown}
 k - a potion of attraction {unknown}
 l - 2 potions of curing {unknown}
 v - 2 potions of brilliance {unknown}


   Skills:
 + Level 7.2 Fighting
 * Level 8.5 Axes
 + Level 7.2 Armour
 - Level 3.8 Shields


You had 7 spell levels left.
You didn't know any spells.
Your spell library contained the following spells:

 Spells                   Type           Power      Damage    Failure   Level
 Freeze                   Ice            0%         1d3       100%        1
 Frozen Ramparts          Ice            0%         1d1       100%        3
 Gell's Gravitas          Tloc           0%         N/A       100%        3
 Lesser Beckoning         Tloc           0%         N/A       100%        3
 Teleport Other           Tloc           0%         N/A       100%        3
 Anguish                  Hex/Necr       0%         N/A       100%        4
 Hailstorm                Conj/Ice       0%         3d3       100%        4
 Enfeeble                 Hex            0%         N/A       100%        7


Dungeon Overview and Level Annotations

Branches:
Dungeon (5/15)             Temple (1/1) D:5

Altars:
Ashenzari
Cheibriados
Dithmenos
Elyvilon
Fedhas
Gozag
Hepliaklqana
Kikubaaqudgha
Nemelex Xobeh
Okawaru
Qazlal
Ru
Sif Muna
Trog
Uskayaw
Vehumet
Yredelemnul
Zin
The Shining One

Shops:
D:3 :


Innate Abilities, Weirdness & Mutations

You have a pair of horns on your head.
You reflexively headbutt those who attack you in melee.
Your skin changes colour to match your surroundings (Stealth+).
You are weak. (Str -2)


Message History

The orc priest hits you but does no damage.
The orc priest calls down the wrath of Beogh upon you.
Beogh smites you!
* * * LOW HITPOINT WARNING * * *
The acid dragon bites you but does no damage.
The acid dragon claws you but does no damage.
You slash the orc priest!
You kill the orc priest!
Okawaru accepts your kill.
You closely miss the acid dragon.
You feel less invigorated.
You feel less confused. You block the acid dragon's attack.
The acid dragon claws you.
* * * LOW HITPOINT WARNING * * *
The acid dragon attacks as you move away!
The acid dragon bites you but does no damage.
The acid dragon claws you.
* * * LOW HITPOINT WARNING * * *
You see here a +0 vampiric trident.
Okay, then.
You aren't carrying any items that you can evoke.
What are your orders? t - Shout!
Orders for allies: a - Attack new target. r - Retreat! s - Stop attacking. g - Guard the area. f - Follow me.
Anything else - Cancel.
Okay, then.
Throw: throwing net
Press: ? - help, Q - select action, (/) - cycle Shift-Dir - straight line, f - acid dragon
Aim: an acid dragon (59% to hit)
You throw a throwing net.
The throwing net closely misses the acid dragon.
The acid dragon spits acid at you. The splash of acid hits you!
* * * LOW HITPOINT WARNING * * *
It was a potion of mutation.
You feel extremely strange.
You feel weaker.
Your skin functions as natural camouflage.
The acid dragon bites you!
You die...

######.$. #<.......
.........###...
########.# ##.# ##...
#...## #...# .### #..@#
#... #..D###.#
###......# .#
#........###.#
#..(.......#.# ...
#...)......#.# . <...
#............## ..
....#####.(.........#...
........#.....#...#.....


You could see an acid dragon (catching breath).

Vanquished Creatures
  Pikel (D:3)
  Pargi (D:3)
  A black bear (D:4)
  2 ogres
  A lemure (D:3)
  2 phantoms
  A scorpion (D:4)
  A crimson imp (D:4)
  A hound (D:3)
  An orc priest (D:5)
  2 iguanas
  3 gnolls (D:4)
  5 adders
  An ufetubus (D:4)
  3 worms
  4 dart slugs
  8 orcs
  5 bats
  7 endoplasms
  9 goblins
  10 hobgoblins
  2 jackals (D:2)
  5 kobolds
  7 quokkas
  6 ball pythons
  4 frilled lizards
  A goblin skeleton (D:4)
  3 hobgoblin zombies (D:4)
  2 kobold zombies (D:4)
  10 rats
109 creatures vanquished.

Notes
Turn   | Place    | Note
-------+----------+-------------------------------------------
     0 | D:1      | Kyerz the Minotaur Fighter began the quest for the Orb.
     0 | D:1      | Reached XP level 1. HP: 19/19 MP: 0/0
   120 | D:1      | Reached XP level 2. HP: 27/27 MP: 1/1
   442 | D:1      | Found a faded altar of an unknown god.
   760 | D:2      | Reached XP level 3. HP: 33/33 MP: 2/2
   804 | D:2      | Reached skill level 3 in Axes
   968 | D:2      | Found a white marble altar of Elyvilon.
  1134 | D:2      | Reached XP level 4. HP: 31/41 MP: 3/3
  2172 | D:3      | Noticed Pargi
  2221 | D:3      | Killed Pargi
  2222 | D:3      | Reached skill level 5 in Fighting
  2222 | D:3      | Reached skill level 4 in Axes
  2222 | D:3      | Reached skill level 5 in Armour
  2222 | D:3      | Reached XP level 5. HP: 43/48 MP: 4/4
  2432 | D:3      | Noticed a moth of wrath
  2435 | D:3      | Found a bloodstained altar of Trog.
  2935 | D:3      | Found Ymofuopp's Book Boutique.
  3120 | D:4      | Found a glowing golden altar of the Shining One.
  3141 | D:4      | Reached skill level 5 in Axes
  3141 | D:4      | Reached XP level 6. HP: 56/56 MP: 5/5
  3149 | D:4      | Noticed Pikel
  3228 | D:3      | Killed Pikel
  3229 | D:3      | Reached skill level 6 in Axes
  3229 | D:3      | Reached XP level 7. HP: 19/63 MP: 6/6
  3233 | D:3      | Reached skill level 7 in Axes
  3936 | D:4      | Found a sparkling altar of Nemelex Xobeh.
  3992 | D:4      | Reached XP level 8. HP: 67/71 MP: 7/7
  4005 | D:4      | Reached skill level 8 in Axes
  4135 | D:4      | Found a sacrificial altar of Ru.
  4360 | D:4      | Found an opulent altar of Gozag.
  4360 | D:4      | Found a glowing silver altar of Zin.
  4418 | D:5      | Entered Level 5 of the Dungeon
  4542 | D:5      | Found a staircase to the Ecumenical Temple.
  4551 | Temple   | Entered the Ecumenical Temple
  4793 | Temple   | Became a worshipper of Warmaster Okawaru
  5118 | D:5      | HP: 1/73 [acid dragon/splash of acid (14)]
  5119 | D:5      | Gained mutation: You are weak. (Str -2) [potion of
                  | mutation]
  5119 | D:5      | Gained mutation: Your skin changes colour to match your
                  | surroundings (Stealth+). [potion of mutation]
  5119 | D:5      | Mangled by an acid dragon

Illustrated notes

Levels and vault maps discovered:
D:1:      nicolae_arrival_memento_mori, layout_basic,
          chequers_ecumenical_altar_simple_redux
D:2:      wad_river_or_something, layout_rooms, basic_altar
D:3:      layout_basic, tgw_trog, serial_shops, shop_fountains, uniq_pargi
D:4:      layout_loops_cross, grunt_temple_overflow_gold_and_silver,
          mainiacjoe_overflow_surrounded_room, mainiacjoe_overflow_brackets,
          nicolae_tso_besieged_by_evil, hangedman_abyss_or_decor_stagger,
          uniq_pikel
D:5:      layout_basic, mainiacjoe_overflow_small_starburst,
          lemuel_doored_altar, minmay_temple_entry_crystal_x, uniq_grinder
Temple:   nicolae_temple_figure_eight

Skill      XL: |  1  2  3  4  5  6  7  8 |
---------------+-------------------------+-----
Fighting       | 4 5 6 7 |  7.2
Armour         | 4 5 6 7 |  7.2
Axes           | 3 4 5 6 7 8 |  8.5
Shields        | |  3.8

Action                   |  1- 3 |  4- 6 |  7- 9 || total
-------------------------+-------+-------+-------++-------
Melee: War axe           |    80 |   143 |    63 ||   286
       Headbutt          |    12 |    24 |    11 ||    47
Throw: Throwing net      |       |       |     1 ||     1
  Use: Scroll            |       |     2 |     1 ||     3
       Potion            |       |       |     2 ||     2
Armor: Scale mail        |    10 |       |       ||    10
       Plate armour      |    36 |   119 |    30 ||   185
Dodge: Dodged            |    26 |    51 |    24 ||   101
Block: Buckler           |    23 |    34 |    15 ||    72
